 Dungeon Crawl Stone Soup version 0.20-a0-785-g17250f0 (webtiles) character file.

1075 Alarkh the Magician (level 8, -1/52 HPs)
             Began as a Mummy Summoner on Feb 27, 2017.
             Was an Initiate of Gozag.
             Slain by Prince Ribbit (10 damage)
             ... on level 6 of the Dungeon.
             The game lasted 00:07:46 (4277 turns).

Alarkh the Magician (Mummy Summoner)                Turns: 4277, Time: 00:07:47

Health: -1/52      AC:  6    Str: 11    XL:     8   Next: 8%
Magic:  12/18      EV: 12    Int: 16    God:    Gozag
Gold:   542        SH:  0    Dex: 13    Spells: 10/21 levels left

rFire    x . .     SeeInvis .   a - +3 whip (elec)
rCold    + . .     Gourm    .   h - +0 robe {rN+}
rNeg     + + +     Faith    .   (no shield)
rPois    ∞         Spirit   .   (no helmet)
rElec    .         Reflect  .   (no cloak)
rCorr    .         Harm     .   d - +0 pair of gloves
MR       +....                  f - +2 pair of boots
Stlth    ++........             (no amulet)
Regen    0.2/turn               (no ring)
MPRegen  0.2/turn               i - ring of flight

@: no status effects
A: no food or potions, fire vulnerability, cold resistance 1, negative energy
resistance 3, torment resistance, unbreathing
a: Potion Petition, Call Merchant, Bribe Branch, Renounce Religion, Evoke Flight


You were on level 6 of the Dungeon.
You worshipped Gozag.
Gozag was pleased with you.
You were not hungry.

You visited 1 branch of the dungeon, and saw 6 of its levels.

You collected 578 gold pieces.
You paid 36 gold pieces to Gozag.

Inventory:

Hand Weapons
 a - a +3 whip of electrocution (weapon)
 j - a +0 dagger
 n - a +0 mace
 s - a +1 spear of flaming
Armour
 d - a +0 pair of gloves (worn)
 f - a +2 pair of boots (worn)
 h - a +0 robe of positive energy (worn)
 k - a +0 robe
 o - the +10 large shield of Ignorance {rN+ Int-4}
   (You found it on level 4 of the Dungeon)

   It affects your intelligence (-4).
   It protects you from negative energy.
Jewellery
 i - a ring of flight (left hand)
Scrolls
 c - a scroll of teleportation {unknown}
 e - a scroll of identify
 g - 3 scrolls of remove curse
 l - a scroll of amnesia
 p - a scroll of magic mapping
 q - 3 scrolls of fear
 r - a scroll of recharging
Books
 b - a book of Callings

   Spells                             Type                      Level
   a - Summon Small Mammal            Summoning                    1
   b - Call Imp                       Summoning                    2
   c - Call Canine Familiar           Summoning                    3
   d - Summon Guardian Golem          Hexes/Summoning              3
   e - Summon Lightning Spire         Summoning/Air                4
   f - Summon Ice Beast               Ice/Summoning                4


   Skills:
 - Level 1.5 Dodging
 - Level 1.5 Stealth
 + Level 7.3 Spellcasting
 * Level 7.1 Summonings


You had 10 spell levels left.
You knew the following spells:

 Your Spells              Type           Power        Failure   Level  Hunger
a - Call Canine Familiar  Summ           ####....     1%          3    N/A
b - Summon Small Mammal   Summ           ####         1%          1    N/A
c - Summon Guardian Gole  Hex/Summ       ###.....     12%         3    N/A
d - Summon Ice Beast      Ice/Summ       ###.....     34%         4    N/A

Dungeon Overview and Level Annotations

Branches:
Dungeon (6/15)
 Temple: D:4-7

Altars:
Fedhas
Gozag
Okawaru

Annotations:
D:6 Prince Ribbit


Innate Abilities, Weirdness & Mutations

You do not eat or drink.
Your flesh is vulnerable to fire.
You are immune to poison.
Your flesh is cold resistant. (rC+)
You are immune to negative energy. (rN+++)
You are immune to unholy pain and torment.
You can survive without breathing.


Message History

Prince Ribbit is heavily wounded.
Prince Ribbit croaks regally.
Prince Ribbit hits you!!
You closely miss Prince Ribbit.
Prince Ribbit is heavily wounded.
Your hound barely misses Prince Ribbit.
Prince Ribbit blinks!
A wight comes into view. It is wielding a hand axe of freezing.
Your hound barely misses Prince Ribbit.
Your hound closely misses Prince Ribbit.
Your hound bites Prince Ribbit.
Prince Ribbit hits you!
Your hound misses Prince Ribbit. Prince Ribbit closely misses you.
Prince Ribbit croaks regally.
Prince Ribbit blinks!
Prince Ribbit hits you!
* * * LOW HITPOINT WARNING * * *
Your hound bites Prince Ribbit.
Prince Ribbit misses your hound.
Your hound closely misses Prince Ribbit.
Your hound bites Prince Ribbit.
Prince Ribbit hits you!
You die...
Your body crumbles into a pile of gold.

#......###.###.
####...h..........
$.....z###.###=###.
#####.#..§.##
.....#.##..#
##..#h##..#
#........#
#.##.F...##.#...
#....@..........
#......#####....
##.#.#... .....
#.#.#..## ..... #
#.#..# ..... #.#..#
#.#..# #.#..# $


You could see Prince Ribbit, a wight and a friendly hound.

Vanquished Creatures
  A hippogriff (D:4)
  The ghost of Gorglomux the Slinger, an amateur HaHu (D:3)
  A sky beast (D:5)
  An ice beast (D:5)
  A crimson imp (D:5)
  A bullfrog zombie (D:5)
  2 hounds
  An iguana (D:5)
  3 worker ants
  A hound skeleton (D:5)
  2 gnolls (D:4)
  5 adders
  An adder zombie (D:5)
  A worm (D:5)
  3 dart slugs
  3 leopard geckos
  4 orcs
  2 ball pythons
  A giant cockroach (D:5)
  8 goblins
  A hobgoblin (D:4)
  4 jackals
  A ball python skeleton (D:4)
  7 bats
  4 frilled lizards
  5 kobolds
  2 rats
67 creatures vanquished.

Vanquished Creatures (collateral kills)
  Pikel (D:3)
  A slave (D:3)
  Terence (D:3)
  A worker ant (D:6)
  2 gnolls
  6 adders
  A worm (D:2)
  3 dart slugs
  3 leopard geckos (D:2)
  3 orcs (D:3)
  3 giant cockroaches
  3 goblins (D:1)
  4 hobgoblins
  5 jackals
  3 kobolds
  3 bats
  A frilled lizard (D:1)
  5 rats
49 creatures vanquished.

Vanquished Creatures (others)
  A gnoll (D:4)
  A jackal (D:4)
2 creatures vanquished.

Grand Total: 118 creatures vanquished

Notes
Turn   | Place    | Note
-------+----------+-------------------------------------------
     0 | D:1      | Alarkh the Mummy Summoner began the quest for the Orb.
     0 | D:1      | Reached XP level 1. HP: 13/13 MP: 4/4
   213 | D:1      | Reached XP level 2. HP: 10/19 MP: 4/6
   841 | D:2      | Reached XP level 3. HP: 20/24 MP: 2/8
   949 | D:1      | Learned a level 3 spell: Call Canine Familiar
  1119 | D:2      | Reached XP level 4. HP: 26/30 MP: 5/10
  1663 | D:3      | Noticed Terence
  1669 | D:3      | Learned a level 3 spell: Summon Guardian Golem
  1674 | D:3      | Learned a level 4 spell: Summon Ice Beast
  1840 | D:3      | Killed Terence
  1917 | D:3      | Found an opulent altar of Gozag.
  1924 | D:3      | Became a worshipper of Gozag Ym Sagoz the Greedy
  1981 | D:3      | Reached XP level 5. HP: 22/35 MP: 10/12
  2059 | D:3      | Found a blossoming altar of Fedhas.
  2418 | D:3      | Noticed Gorglomux's ghost (amateur HaHu)
  2445 | D:3      | Killed Gorglomux's ghost
  2445 | D:3      | Reached skill level 5 in Spellcasting
  2491 | D:4      | Noticed a slave
  2493 | D:4      | Noticed Pikel
  2493 | D:4      | Noticed a slave
  2494 | D:4      | Noticed a slave
  2496 | D:4      | Noticed a slave
  2497 | D:4      | Reached skill level 5 in Summonings
  2654 | D:3      | Killed a slave
  2703 | D:3      | Killed Pikel
  2703 | D:3      | Reached XP level 6. HP: 39/41 MP: 9/15
  3203 | D:4      | Reached XP level 7. HP: 46/46 MP: 12/16
  3481 | D:4      | Noticed a hippogriff
  3487 | D:4      | Killed a hippogriff
  3803 | D:5      | Entered Level 5 of the Dungeon
  4233 | D:5      | Reached XP level 8. HP: 52/52 MP: 13/18
  4257 | D:6      | Found an iron altar of Okawaru.
  4263 | D:6      | Noticed Prince Ribbit
  4277 | D:6      | Slain by Prince Ribbit

Vault maps used:
D:1:      lightli_arrival_lavapool, serial_glass, glass_columns_b,
          glass_columns_c, glass_columns_c, glass_columns_a
D:3:      fedhas_altar_3, hangedman_decor_push, serial_park_tiny_pond,
          nicolae_gozag_cash_rules_everything_around_me, uniq_terence
D:4:      first_bread, supply_closet_lemuel, minmay_goblin_outpost, uniq_pikel
D:6:      gammafunk_temple_overflow_wave, okawaru_ov_weapons_minmay,
          basic_altar, uniq_prince_ribbit1, uniq_duvessa

Skill      XL: |  1  2  3  4  5  6  7 |
---------------+----------------------+-----
Spellcasting   | 3 4 6 7 |  7.3
Summonings     | 4 5 7 |  7.1
Dodging        | |  1.5
Stealth        | |  1.5

Action                   |  1- 3 |  4- 6 |  7- 9 || total
-------------------------+-------+-------+-------++-------
Melee: Unarmed           |    71 |       |       ||    71
       Mace              |    37 |   111 |       ||   148
       Dagger            |     1 |       |       ||     1
       Whip              |       |    11 |    94 ||   105
 Cast: Summon Small Mamm |    41 |     2 |     2 ||    45
       Call Canine Famil |     3 |    19 |     6 ||    28
       Summon Guardian G |       |     3 |       ||     3
  Use: Scroll            |     3 |     3 |     4 ||    10
 Stab: Sleeping          |     5 |     2 |     1 ||     8
       Distracted        |     1 |     2 |       ||     3
Armor: Robe              |    54 |    35 |    21 ||   110
Dodge: Dodged            |   131 |   112 |    55 ||   298
